 Dungeon Sprint DCSS version bcrawl-1.15.1 (webtiles) character file.

Game seed: 7975128309216985571

23116 Chiseanne the Prestidigitator (level 12, -30/100 HPs)
             Began as a Demonspawn Archaeologist on Sept 29, 2019.
             Was an Initiate of Gozag.
             Killed from afar by Lom Lobon (37 damage)
             ... with a great icy blast
             ... in the Dungeon (Sprint I: "Red Sonja").
             The game lasted 00:31:41 (4481 turns).

Chiseanne the Prestidigitator (DsAc)                Turns: 4481, Time: 00:31:41

Health: -30/100    AC: 22    Str: 19    XL:     12   Next: 69%
Magic:  0/22       EV: 28    Int: 20    God:    Gozag
Gold:   2174       SH:  7    Dex: 20    Spells: 11/11 levels left

rFire    + . .     SeeInvis +   a - +9 trident "Poraeff" {flame, rPois rC+}
rCold    + + .     Gourm    .   d - +0 buckler
rNeg     . . .     Faith    .   g - +4 ring mail "Cile" {rCorr Str+4 SInv Stlth-}
rPois    +         Spirit   +   O - +2 hat
rElec    +         Reflect  .   c - scarf {Spirit}
rCorr    +         Harm     .   f - +1 pair of gauntlets of War {Slay+6}
MR       .....     NoTele   +   L - +2 pair of boots {run}
Stlth    ++........             (no amulet)
HPRegen  0.26/turn              t - +1 ring of slaying
MPRegen  0.18/turn              b - +2 ring of evasion

@: agile, sluggish, resistant, gold aura, berserk cooldown, very slightly
contaminated, slowed, invisible, very slow
A: beak, horns 2, yellow scales 1, clever 2, powered by death 2, powered by pain
2, screaming 1, strong 1, wild magic 1
a: Potion Petition, Call Merchant, Bribe Branch, Renounce Religion


You were in the Dungeon.
You worshipped Gozag.
Gozag was most pleased with you.
You were not hungry.

You visited 1 branch You collected 8259 gold pieces.
You spent 4545 gold pieces at shops.
You paid 1540 gold pieces to Gozag.

Inventory:

Hand Weapons
 a - the +9 trident "Poraeff" (weapon) {flame, rPois rC+}
   (You bought it in a shop in the Dungeon)

   It has been specially enchanted to burn those struck by it, causing extra
   injury to most foes and up to half again as much damage against particularly
   susceptible opponents.
   It protects you from cold.
   It protects you from poison.
 e - a +8 blowgun
 w - the +6 hand crossbow of Diegun {penet, rElec rF+ Dex+6}
   (You bought it in a shop in the Dungeon)

   Ammo fired by it will pass through the targets it hits, potentially hitting
   all targets in its path until it reaches maximum range.
   It affects your dexterity (+6).
   It protects you from fire.
   It insulates you from electricity.
Missiles
 h - 5 curare-tipped needles
 n - 214 sling bullets
 r - 67 bolts
Armour
 c - a scarf of spirit shield (worn)
 d - a +0 buckler (worn)
 f - the +1 pair of gauntlets of War (worn) {Slay+6}

   It affects your accuracy and damage with ranged weapons and melee attacks
   (+6).
 g - the +4 ring mail "Cile" (worn) {rCorr Str+4 SInv Stlth-}
   (You bought it in a shop in the Dungeon)

   It affects your strength (+4).
   It lets you see invisible.
   It provides partial protection from all sources of acid and corrosion.
   It makes you less stealthy.
 L - a +2 pair of boots of running (worn)
 O - a +2 hat (worn)
Jewellery
 b - a +2 ring of evasion (right hand)
 i - an uncursed ring of see invisible
 p - an uncursed ring of wizardry
 t - a +1 ring of slaying (left hand)
Wands
 l - a wand of polymorph (1)
Scrolls
 o - 7 scrolls of identify
 s - a scroll of magic mapping
 v - a scroll of amnesia
 x - a scroll of summoning
 y - a scroll of blinking
 z - 2 scrolls of remove curse
 A - a scroll of immolation
 I - a scroll of fear
 J - a scroll of fog
Potions
 k - 2 potions of magic
 m - 2 potions of lignification
 D - a potion of cancellation
 E - a potion of brilliance
 F - 6 potions of curing
 H - a potion of mutation
 N - a potion of haste
Comestibles
 j - a ration {!d}


   Skills:
 - Level 11.3 Fighting
   Level 6.7 Short Blades
   Level 0.8 Maces & Flails
 * Level 12.5 Polearms
 * Level 8.0 Crossbows
 - Level 3.8 Throwing
 - Level 13.3 Armour
 - Level 13.1 Dodging
 - Level 3.0 Stealth
 - Level 9.2 Shields
 - Level 13.9 Evocations


You had 11 spell levels left.
You didn't know any spells.
Your spell library was empty.

Dungeon Overview and Level Annotations

Branches:
Dungeon (1/1)

Altars:
Cheibriados
Dithmenos
Elyvilon
Fedhas
Gozag
Hepliaklqana
Kikubaaqudgha
Lugonu
Makhleb
Nemelex Xobeh
Okawaru
Qazlal
Ru
Sif Muna
Trog
Uskayaw
Vehumet
Wu Jian
Xom
Yredelemnul
Zin
The Shining One
Jiyva

Shops:
D =![=[(:(}(%=:((?[*%[?[(

Annotations:
D Lom Lobon


Innate Abilities, Weirdness & Mutations

You have a pair of horns on your head.
You are partially covered in yellow scales. (AC +2)
You regenerate health from kills.
You sometimes gain power by taking damage.
You have a beak for a mouth.
Your mind is very acute. (Int +4)
You occasionally shout uncontrollably at your foes.
Your muscles are strong. (Str +2)
Your spells are a little harder to cast, but a little more powerful.


Message History

You feel yourself moving faster!
You feel mighty!
You are engulfed in freezing vapours.
You resist.
* * * LOW HITPOINT WARNING * * *
Lom Lobon blinks!
You feel a strong urge to attack something.
The ice encasing you melts away.
Lom Lobon blinks!
You see here 27 gold pieces.
Really walk into that cloud of freezing vapour?
Okay, then.
Lom Lobon blinks!
You see here a dagger.
You feel your anger nearly subside.
You are no longer berserk.
You are exhausted.
You feel yourself slow down. Lom Lobon gestures at you.
Lom Lobon conjures a mighty blast of ice!
The great icy blast engulfs you! You partially resist.
You die...
Your body crumbles into a pile of gold.

###################**********
§..§§§.'C.#^^$§&§§#,,,$$$$$$*
#§.§§§##..')^#§§@§##,,$$$$$$*
##.§§#######§#§§§§§#****$$$$*
.###'#)(?##°○#$§§§§#$$$*$$$$*
.#y#.##$$$#☼§##§§§§#,∩$*$$$$*
.###.§###$#.$°###+##$$$*$$$$*
...##§#A#.#.*&☼§#,****+*$$$$*
...#..###.#§○○☼##+*,,,,**$$$*
''##.##...#☼°○##,,,,,,,,**$$*
.###..#+###☼§§#,,,,,,,,,,*$$*


You could see Lom Lobon.

Vanquished Creatures
  A thorn hunter (D)
  A fire giant (D)
  A deep elf annihilator (D)
  A lorocyproca (D)
  A mummy priest (D)
  2 centaur warriors (D)
  A satyr (D)
  7 unseen horrors (D)
  A deep troll (D)
  A lindwurm (D)
  8 shining eyes (D)
  An oklob plant (D)
  2 merfolk sirens (D)
  A gargoyle (D)
  2 kobold demonologists (D)
  4 demonic crawlers (D)
  A hellwing (D)
  5 hornets (D)
  A slime creature (D)
  Sigmund (D)
  A yak (D)
  2 redbacks (D)
  14 hogs (D)
  7 floating eyes (D)
  7 necrophages (D)
  A centaur (D)
  8 jellies (D)
  Ijyb (D)
  2 ballistomycetes (D)
86 creatures vanquished.

Vanquished Creatures (others)
  A gargoyle (D)
  4 ball lightnings (D)
  2 ballistomycete spores (D)
7 creatures vanquished.

Grand Total: 93 creatures vanquished

Notes
Turn   | Place    | Note
-------+----------+-------------------------------------------
     0 | D        | Chiseanne the Demonspawn Archaeologist began the quest for
                  | the Orb.
     0 | D        | Reached XP level 1. HP: 15/15 MP: 1/1
     1 | D        | Noticed Ijyb
    13 | D        | Killed Ijyb
    13 | D        | Gained mutation: You sometimes gain a little power by
                  | taking damage. [demonic ancestry]
    13 | D        | Reached XP level 2. HP: 25/25 MP: 2/2
   280 | D        | Noticed an ogre
   293 | D        | Noticed a centaur
   293 | D        | an ogre changed into a centaur
   305 | D        | Killed a centaur
   305 | D        | Reached skill level 5 in Fighting
   305 | D        | Reached skill level 5 in Dodging
   305 | D        | Reached XP level 3. HP: 21/34 MP: 3/3
   305 | D        | Gained mutation: You regenerate a little health from kills.
                  | [demonic ancestry]
   305 | D        | Reached XP level 4. HP: 24/40 MP: 4/4
   420 | D        | Noticed Sigmund
   458 | D        | Killed Sigmund
   458 | D        | Gained mutation: You regenerate health from kills. [demonic
                  | ancestry]
   458 | D        | Reached XP level 5. HP: 13/56 MP: 5/5
   458 | D        | Gained mutation: You have a pair of small horns on your
                  | head. [demonic ancestry]
   458 | D        | Reached XP level 6. HP: 15/62 MP: 6/6
   649 | D        | Killed a gargoyle
   696 | D        | Found a shimmering blue altar of Sif Muna.
   697 | D        | Found an ornate altar of the Wu Jian Council.
   698 | D        | Found a radiant altar of Vehumet.
   703 | D        | Reached skill level 1 in Short Blades
   703 | D        | Reached skill level 1 in Evocations
   734 | D        | Found Uhauqull's Jewellery Emporium.
   734 | D        | Found an ancient bone altar of Kikubaaqudgha.
   734 | D        | Found a hazy altar of Hepliaklqana.
   734 | D        | Found a hide-covered altar of Uskayaw.
   734 | D        | Found a basalt altar of Yredelemnul.
   734 | D        | Found an opulent altar of Gozag.
   734 | D        | Found a snail-covered altar of Cheibriados.
   734 | D        | Found a sacrificial altar of Ru.
   734 | D        | Found a shadowy altar of Dithmenos.
   734 | D        | Noticed a yak
   739 | D        | Killed a yak
   739 | D        | Reached skill level 5 in Armour
   740 | D        | Found a stormy altar of Qazlal.
   740 | D        | Found a blossoming altar of Fedhas.
   740 | D        | Found a bloodstained altar of Trog.
   740 | D        | Found an iron altar of Okawaru.
   740 | D        | Found a glowing golden altar of the Shining One.
   740 | D        | Found a glowing silver altar of Zin.
   740 | D        | Found a white marble altar of Elyvilon.
   743 | D        | Found a sparkling altar of Nemelex Xobeh.
   755 | D        | Became a worshipper of Gozag Ym Sagoz the Greedy
   758 | D        | Bought an uncursed ring of see invisible for 150 gold
                  | pieces
   765 | D        | Noticed Sonja
   766 | D        | Noticed Sonja
   766 | D        | Sonja changed into Sonja the hog
   777 | D        | Killed Sonja the hog
   777 | D        | Reached skill level 5 in Evocations
   777 | D        | Gained mutation: You sometimes gain power by taking damage.
                  | [demonic ancestry]
   777 | D        | Reached XP level 7. HP: 20/68 MP: 10/10
   969 | D        | Found Hagaq's Jewellery Boutique.
   977 | D        | Bought a +2 ring of evasion for 120 gold pieces
  1228 | D        | Noticed a deep troll
  1244 | D        | Killed a deep troll
  1244 | D        | Gained mutation: You are partially covered in yellow
                  | scales. (AC +2) [demonic ancestry]
  1244 | D        | Reached XP level 8. HP: 49/75 MP: 10/13
  1356 | D        | Found a burning altar of Makhleb.
  1356 | D        | Found a viscous altar of Jiyva.
  1356 | D        | Found a shimmering altar of Xom.
  1356 | D        | Found a corrupted altar of Lugonu.
  1356 | D        | Noticed a slime creature
  1369 | D        | Killed a slime creature
  1511 | D        | Bought a +1 ring of slaying for 78 gold pieces
  1517 | D        | Found Mivu Ekh's Armour Emporium.
  1529 | D        | Noticed a centaur warrior
  1529 | D        | Noticed a centaur warrior
  1550 | D        | Killed a centaur warrior
  1552 | D        | Gained mutation: You have a beak for a mouth. [potion of
                  | mutation]
  1552 | D        | Gained mutation: Scrolls take you a little longer to read.
                  | [potion of mutation]
  1552 | D        | Gained mutation: You are clumsy. (Dex -2) [potion of
                  | mutation]
  1552 | D        | Gained mutation: Your spells are a little harder to cast,
                  | but a little more powerful. [potion of mutation]
  1559 | D        | HP: 1/75 [centaur warrior (7)]
  1561 | D        | Killed a centaur warrior
  1561 | D        | Reached skill level 10 in Armour
  1561 | D        | Reached skill level 10 in Evocations
  1561 | D        | Reached XP level 9. HP: 1/81 MP: 14/16
  1914 | D        | Noticed an oklob plant
  2023 | D        | Killed an oklob plant
  2211 | D        | Killed an unseen horror
  2211 | D        | Reached skill level 10 in Dodging
  2211 | D        | Reached XP level 10. HP: 78/88 MP: 18/18
  2215 | D        | Killed an unseen horror
  2250 | D        | Bought a faintly humming ring mail for 207 gold pieces
  2261 | D        | Identified the +4 ring mail "Cile" {rCorr Str+4 SInv
                  | Stlth-} (You bought it in a shop in the Dungeon)
  2363 | D        | Found Necucauho's Food Boutique.
  2363 | D        | Found Eduez's Distillery.
  2396 | D        | Found Ofecyef's Magic Scroll Emporium.
  2414 | D        | Found Weototz's Antique Weapon Shoppe.
  2414 | D        | Found Qoax's Book Shop.
  2414 | D        | Found Jeluloil's Gadget Boutique.
  2416 | D        | Found Plog's Antique Weapon Emporium.
  2416 | D        | Found Quczal's Food Shop.
  2416 | D        | Found Upaudeje's Book Shoppe.
  2416 | D        | Found Zeafun's Weapon Boutique.
  2416 | D        | Found Bokofiyr's Weapon Emporium.
  2416 | D        | Found Duetiwn's Magic Scroll Shop.
  2416 | D        | Found Forphext's Antique Armour Shoppe.
  2419 | D        | Bought an ichor-stained trident for 187 gold pieces
  2423 | D        | Identified the +9 trident "Poraeff" {flame, rPois rC+} (You
                  | bought it in a shop in the Dungeon)
  2429 | D        | Found Jerimyup's Assorted Antiques.
  2431 | D        | Bought a ration for 60 gold pieces
  2431 | D        | Bought a ration for 60 gold pieces
  2435 | D        | Bought a scroll of magic mapping for 35 gold pieces
  2435 | D        | Bought a scroll of amnesia for 35 gold pieces
  2435 | D        | Bought a scroll of summoning for 95 gold pieces
  2435 | D        | Bought a scroll of identify for 20 gold pieces
  2435 | D        | Bought a scroll of identify for 20 gold pieces
  2435 | D        | Bought a scroll of blinking for 75 gold pieces
  2435 | D        | Bought a scroll of remove curse for 30 gold pieces
  2435 | D        | Bought a scroll of immolation for 35 gold pieces
  2435 | D        | Bought a scroll of identify for 20 gold pieces
  2435 | D        | Bought a scroll of identify for 20 gold pieces
  2435 | D        | Bought a scroll of magic mapping for 35 gold pieces
  2437 | D        | Bought a potion of heal wounds for 105 gold pieces
  2438 | D        | Bought 2 potions of agility for 104 gold pieces
  2438 | D        | Bought a potion of lignification for 39 gold pieces
  2438 | D        | Bought a potion of cancellation for 104 gold pieces
  2438 | D        | Bought a potion of brilliance for 52 gold pieces
  2438 | D        | Bought a potion of heal wounds for 65 gold pieces
  2438 | D        | Bought a potion of agility for 52 gold pieces
  2438 | D        | Bought a potion of curing for 39 gold pieces
  2438 | D        | Bought a potion of curing for 39 gold pieces
  2438 | D        | Bought a potion of berserk rage for 65 gold pieces
  2438 | D        | Bought a potion of curing for 39 gold pieces
  2438 | D        | Bought 2 potions of mutation for 208 gold pieces
  2440 | D        | Bought a scroll of fear for 45 gold pieces
  2440 | D        | Bought a scroll of fog for 26 gold pieces
  2483 | D        | Noticed a shining eye
  2483 | D        | Noticed a shining eye
  2483 | D        | Noticed a shining eye
  2486 | D        | Paralysed by a floating eye for 4 turns
  2493 | D        | Paralysed by a floating eye for 2 turns
  2497 | D        | Killed a shining eye
  2498 | D        | Killed a shining eye
  2503 | D        | Paralysed by a floating eye for 4 turns
  2510 | D        | Killed a shining eye
  2517 | D        | Noticed a shining eye
  2517 | D        | Noticed a shining eye
  2517 | D        | Noticed a shining eye
  2528 | D        | Killed a shining eye
  2531 | D        | Killed a shining eye
  2532 | D        | Reached XP level 11. HP: 93/93 MP: 19/21
  2534 | D        | Killed a shining eye
  2546 | D        | Noticed a shining eye
  2546 | D        | Noticed a shining eye
  2559 | D        | Killed a shining eye
  2562 | D        | Killed a shining eye
  2575 | D        | Lost mutation: Scrolls take you a little longer to read.
                  | [potion of mutation]
  2575 | D        | Lost mutation: You are clumsy. (Dex -2) [potion of
                  | mutation]
  2575 | D        | Gained mutation: Your mind is acute. (Int +2) [potion of
                  | mutation]
  2575 | D        | Gained mutation: Your muscles are strong. (Str +2) [potion
                  | of mutation]
  2575 | D        | Gained mutation: You occasionally shout uncontrollably at
                  | your foes. [potion of mutation]
  2575 | D        | Gained mutation: Your mind is very acute. (Int +4) [potion
                  | of mutation]
  2576 | D        | Found Exzailynt's Antique Armour Shop.
  2576 | D        | Found Fevosmocw's Distillery.
  2576 | D        | Found Bokofiyr's Weapon Boutique.
  2576 | D        | Found Oruwan Maury's Antique Armour Emporium.
  2591 | D        | Bought a potion of invisibility for 104 gold pieces
  2591 | D        | Bought a potion of degeneration for 13 gold pieces
  2591 | D        | Bought a potion of resistance for 130 gold pieces
  2591 | D        | Bought a potion of haste for 130 gold pieces
  2591 | D        | Bought a potion of curing for 39 gold pieces
  2591 | D        | Bought a potion of curing for 39 gold pieces
  2591 | D        | Bought a potion of curing for 39 gold pieces
  2591 | D        | Bought 2 potions of berserk rage for 130 gold pieces
  2631 | D        | Reached skill level 1 in Polearms
  2631 | D        | Reached skill level 1 in Throwing
  2858 | D        | Bought a pair of glowing boots for 172 gold pieces
  2858 | D        | Bought a runed hat for 161 gold pieces
  2869 | D        | Identified a +2 pair of boots of running (You bought it in
                  | a shop in the Dungeon)
  2896 | D        | Bought a runed scarf for 200 gold pieces
  3027 | D        | Bought a buckler for 112 gold pieces
  3087 | D        | Reached skill level 1 in Shields
  3122 | D        | Noticed a lindwurm
  3126 | D        | Killed a lindwurm
  3126 | D        | Reached skill level 5 in Polearms
  3159 | D        | Reached skill level 5 in Shields
  3178 | D        | Noticed a 12-headed hydra
  3179 | D        | Noticed a fire dragon
  3179 | D        | a 12-headed hydra changed into a fire dragon
  3180 | D        | Noticed an entropy weaver
  3180 | D        | a fire dragon changed into an entropy weaver
  3181 | D        | Paralysed by a floating eye for 3 turns
  3184 | D        | Noticed a satyr
  3184 | D        | an entropy weaver changed into a satyr
  3188 | D        | Killed a satyr
  3262 | D        | Noticed a lorocyproca
  3280 | D        | Killed a lorocyproca
  3791 | D        | Bought the +6 hand crossbow of Diegun {penet, rElec rF+
                  | Dex+6} for 1012 gold pieces
  3795 | D        | Noticed a daeva
  3798 | D        | Noticed an unseen horror
  3798 | D        | Noticed an unseen horror
  3798 | D        | Noticed an unseen horror
  3798 | D        | Noticed an unseen horror
  3811 | D        | Noticed an unseen horror
  3812 | D        | Killed an unseen horror
  3815 | D        | Killed an unseen horror
  3815 | D        | Gained mutation: You have a pair of horns on your head.
                  | [demonic ancestry]
  3815 | D        | Reached XP level 12. HP: 67/100 MP: 18/22
  3823 | D        | Reached skill level 10 in Polearms
  4142 | D        | Noticed a fire giant
  4145 | D        | Noticed a storm dragon
  4145 | D        | a fire giant changed into a storm dragon
  4231 | D        | Noticed a deep elf annihilator
  4254 | D        | Reached skill level 1 in Crossbows
  4299 | D        | Killed a deep elf annihilator
  4299 | D        | Reached skill level 5 in Crossbows
  4303 | D        | Noticed a mummy priest
  4309 | D        | Killed a mummy priest
  4385 | D        | Noticed a thorn hunter
  4385 | D        | an oklob plant changed into a thorn hunter
  4392 | D        | Killed a thorn hunter
  4432 | D        | Noticed Lom Lobon
  4456 | D        | Noticed a fire giant
  4472 | D        | Killed a fire giant
  4481 | D        | Killed from afar by Lom Lobon

Skill      XL: |  1  2  3  4  5  6  7  8  9 10 11 12 |
---------------+-------------------------------------+-----
Fighting       | 4 5 11 | 11.3
Dodging        | 4 5 8 10 12 13 | 13.1
Armour         | 3 6 7 10 11 13 | 13.3
Short Blades   | 4 6 |  6.7
Evocations     | 5 7 10 11 13 | 13.9
Polearms       | 9 12 | 12.5
Throwing       | 3 |  3.8
Shields        | 8 9 |  9.2
Crossbows      | 8 |  8.0
Maces & Flails | |  0.8
Stealth        | |  3.0

Action                   |  1- 3 |  4- 6 |  7- 9 | 10-12 || total
-------------------------+-------+-------+-------+-------++-------
Melee: Whip              |     5 |       |       |       ||     5
       Unarmed           |     4 |       |       |       ||     4
       Dagger            |    12 |    35 |    65 |    47 ||   159
       Headbutt          |       |     3 |    19 |    48 ||    70
       Peck              |       |       |     5 |    39 ||    44
       Trident           |       |       |       |   136 ||   136
 Fire: Blowgun           |       |       |     3 |       ||     3
       Hand crossbow     |       |       |       |    31 ||    31
Throw: Stone             |       |       |       |    11 ||    11
Invok: Call Merchant     |       |       |     2 |     1 ||     3
Evoke: Wand              |     1 |     1 |       |    14 ||    16
  Use: Potion            |     2 |     2 |     3 |    12 ||    19
       Scroll            |     1 |       |     1 |     2 ||     4
 Stab: Distracted        |       |       |       |     1 ||     1
  Eat: Ration            |       |       |     2 |     2 ||     4
Armor: Chain mail        |    10 |    13 |    38 |     4 ||    65
       Ring mail         |       |       |       |    78 ||    78
Dodge: Dodged            |     6 |     8 |    20 |   148 ||   182
Block: Buckler           |       |       |       |    15 ||    15
